 Dungeon Crawl Stone Soup version 0.28-a0-1395-g4f6bc678fa (webtiles) character file.

Game seed: 8591177502158820682

477 Deminshera the Caller (level 7, -1/88 HPs)
             Began as an Ogre Summoner on Jan 4, 2022.
             Was an Initiate of Qazlal.
             Slain by a nameless horror (7 damage)
             ... created by miscasting Summon Lightning Spire
             ... on level 4 of the Dungeon.
             The game lasted 00:07:31 (7537 turns).

Deminshera the Caller (Ogre Summoner)               Turns: 7537, Time: 00:07:32

Health: -1/88      AC: 23    Str: 19    XL:     7   Next: 11%
Magic:  1/14       EV:  1    Int: 18    God:    Qazlal [......]
Gold:   241        SH:  5    Dex:  9    Spells: 6/16 levels left

rFire   . . .      SeeInvis .   m - +0 spear
rCold   . . .      Faith    .   (no shield)
rNeg    . . .      Spirit   .   (armour currently unavailable)
rPois   +          Reflect  +   (helmet currently unavailable)
rElec   .          Harm     .   (cloak currently unavailable)
rCorr   .          Rampage  .   (gloves unavailable)
Will    .....      NoTele   +   (boots unavailable)
Stlth   +.........              c - amulet of reflection
HPRegen 0.24/turn               t - ring of poison resistance
MPRegen 0.14/turn               r - +6 ring of strength

@: tree-form, studying Unarmed Combat
A: stationary, stasis, torment immunity, boosted hp, large, unfitting armour,
(tough skin 1)
a: Renounce Religion


You were on level 4 of the Dungeon.
You worshipped Qazlal.
Qazlal was noncommittal.
You were a tree.
You visited 1 branch of the dungeon, and saw 5 of its levels.

You collected 241 gold pieces.

Inventory:

Hand Weapons
 j - a +2 antimagic whip
 m - a +0 spear (weapon)
Armour
 a - a +0 robe (melded)
Jewellery
 c - an amulet of reflection (around neck)
 r - a +6 ring of strength (right branch)
 t - a ring of poison resistance (left branch)
Wands
 o - a wand of digging (4)
Scrolls
 b - 3 scrolls of magic mapping {unknown}
 d - a scroll of noise {unknown}
 e - 3 scrolls of enchant weapon {unknown}
 f - 2 scrolls of blinking {unknown}
 h - 5 scrolls of identify {unknown}
 i - a scroll of vulnerability {unknown}
 k - a scroll of amnesia {unknown}
Potions
 g - a potion of haste {unknown}
 l - a potion of degeneration {unknown}
 n - 2 potions of mutation {unknown}
 p - a potion of lignification
 q - a potion of flight {unknown}
 s - a potion of brilliance {unknown}


   Skills:
 - Level 1.7 Dodging
 - Level 1.4 Stealth
 - Level 5.0 Spellcasting
 + Level 5.7 Summonings
 + Level 2.9 Air Magic


You had 6 spell levels left.
You knew the following spells:

 Your Spells              Type           Power      Damage    Failure   Level
a - Summon Small Mammal   Summ           100%       N/A       1%          1
b - Call Imp              Summ           25%        N/A       1%          2
c - Call Canine Familiar  Summ           25%        N/A       3%          3
d - Summon Lightning Spi  Summ/Air       20%        N/A       22%         4

Your spell library contained the following spells:

 Spells                   Type           Power      Damage    Failure   Level
 Summon Guardian Golem    Hex/Summ       14%        N/A       12%         3
 Swiftness                Air            15%        N/A       12%         3
 Sting                    Tmut/Pois      16%        1d3       13%         1
 Passwall                 Tmut/Erth      3%         N/A       21%         2
 Tukima's Dance           Hex            4%         N/A       36%         3
 Fulminant Prism          Conj/Hex       2%         3d6       78%         4
 Discord                  Hex            2%         N/A       100%        8


Dungeon Overview and Level Annotations

Branches:
Dungeon (5/15)
 Temple: D:4-7

Altars:
Fedhas
Qazlal

Shops:
D:1 *   D:2 (   D:4 !


Innate Abilities, Weirdness & Mutations

You are a tree.
Your roots penetrate the ground, keeping you stationary.
You cannot be teleported.
You are immune to unholy pain and torment.
Your maximum health is greatly increased.
Your equipment is partially melded.
You are too large for most types of armour.
((You have tough skin. (AC +1)))


Message History

* * * LOW HITPOINT WARNING * * *
You block the adder's attack.
You hit the nameless horror.
The nameless horror is almost destroyed.
You block the adder's attack. The nameless horror closely misses you.
The adder bites you.
* * * LOW HITPOINT WARNING * * *
Your magical contamination has completely faded away.
Found 7 stones.
The adder bites you.
* * * LOW HITPOINT WARNING * * *
The adder bites you but does no damage.
Found 10 gold pieces.
Found 18 gold pieces.
Casting: Summon Lightning Spire (quite dangerous; 22% risk of failure)
Confirm with . or Enter, or press ? or * to list all spells.
Send 'em back where they came from!
Your hound shudders.
The adder barely misses you.
Your hound bites the nameless horror.
You hit the nameless horror.
The nameless horror is almost destroyed.
The adder closely misses you.
Your hound bites the nameless horror.
Send 'em back where they came from!
Your hound disappears in a puff of smoke!
The adder bites you.
* * * LOW HITPOINT WARNING * * *
The nameless horror hits you.
* * * LOW HITPOINT WARNING * * *
There is a stone staircase leading up, spattered with blood here.
The adder barely misses you. The nameless horror barely misses you.
You climb upwards.
There is a stone staircase leading down here.
The adder bites you.
* * * LOW HITPOINT WARNING * * *
The adder barely misses you.
It was a potion of lignification.
You turn into a tree.
Your +0 robe melds into your body.
Your roots penetrate the ground.
The adder barely misses you. The nameless horror hits you!
You die...

# #........###...'..§.≈.§.≈.§.
######....###.##....#.§..§≈§..§..
....##...####.##...##.§§§≈§§.≈.≈.
....................##.§§...≈...§
###.##.#.#######.######..≈.≈.≈.≈.
....##.#.# #.# ##..≈...≈.§
######.#.# #.# ##..§.≈.≈§ #.#.##
#.# ##.§≈...≈
#....######♣##########§§....
#.........XS.........###'''#
##...#####.########### #....
##.## #.##############).. #.#
#.................. ########.#
#################.# .).......#
#.# ########## #.. ###


You could see a nameless horror and an adder.

Vanquished Creatures
  An orc priest (D:3)
  3 dart slugs
  2 bats
  An endoplasm (D:1)
  A giant cockroach (D:1)
  6 hobgoblins
  A jackal (D:2)
  2 kobolds (D:2)
  3 quokkas
  4 ball pythons
  A frilled lizard (D:2)
  4 goblins
  3 rats
32 creatures vanquished.

Vanquished Creatures (collateral kills)
  An orc warrior (D:4)
  A bullfrog zombie (D:5)
  3 hounds
  3 orc wizards (D:3)
  6 adders
  A worm (D:4)
  8 orcs
  3 ball pythons
  2 bats (D:1)
  5 endoplasms
  3 goblins
  3 hobgoblins
  11 jackals
  A frilled lizard (D:2)
  5 kobolds
  5 rats
61 creatures vanquished.

Grand Total: 93 creatures vanquished

Notes
Turn   | Place    | Note
-------+----------+-------------------------------------------
     0 | D:1      | Deminshera the Ogre Summoner began the quest for the Orb.
     0 | D:1      | Reached XP level 1. HP: 16/16 MP: 3/3
   238 | D:1      | Reached XP level 2. HP: 22/24 MP: 5/5
   283 | D:1      | Learned a level 2 spell: Call Imp
   517 | D:1      | Found Dautir's General Store.
  1131 | D:1      | Found a faded altar of an unknown god.
  1191 | D:1      | Reached XP level 3. HP: 27/31 MP: 7/7
  1195 | D:1      | Learned a level 3 spell: Call Canine Familiar
  2113 | D:2      | HP: 1/31 [jackal (2)]
  2540 | D:2      | Found Tirusch's Antique Weapon Shoppe.
  2721 | D:2      | Reached XP level 4. HP: 39/39 MP: 5/9
  2758 | D:2      | Learned a level 4 spell: Summon Lightning Spire
  3937 | D:3      | Reached skill level 1 in Air Magic
  3937 | D:3      | Reached XP level 5. HP: 28/45 MP: 5/11
  4735 | D:3      | Reached skill level 5 in Summonings
  4735 | D:3      | Reached XP level 6. HP: 42/53 MP: 4/13
  5431 | D:3      | Got the Reference Book on Enthralling Transformation
  5735 | D:4      | Found Duuwk's Distillery.
  6409 | D:4      | Noticed an orc warrior
  6415 | D:4      | Killed an orc warrior
  6416 | D:4      | Reached skill level 5 in Spellcasting
  6955 | D:4      | Found a blossoming altar of Fedhas.
  6955 | D:4      | Found a stormy altar of Qazlal.
  6964 | D:4      | Reached XP level 7. HP: 59/59 MP: 10/14
  6987 | D:4      | Became a worshipper of Qazlal Stormbringer
  7448 | D:5      | Entered Level 5 of the Dungeon
  7495 | D:5      | Noticed a nameless horror
  7537 | D:4      | Slain by a nameless horror

Illustrated notes

Levels and vault maps discovered:
D:1:      psy_arrival_whirlpool, layout_basic,
          dreamdust_ecumenical_altar_angels_and_demons, serial_shops, shop,
          minmay_octomino_j4
D:2:      layout_basic, serial_shops, shop_statue
D:3:      layout_basic
D:4:      layout_loops_ring, grunt_temple_overflow_forces_of_nature,
          grunt_ministairs_14, hangedman_abyss_or_decor_stagger,
          nicolae_stop_n_shop_1, kennysheep_cluttered_room, minivault_23,
          minmay_manual_mail
D:5:      layout_loops_ring, mainiacjoe_overflow_boulevard, uniq_duvessa

Skill      XL: |  1  2  3  4  5  6 |
---------------+-------------------+-----
Spellcasting   | 3 4 5 |  5.0
Summonings     | 4 5 |  5.7
Air Magic      | 1 2 |  2.9
Dodging        | |  1.7
Stealth        | |  1.4

Action                   |  1- 3 |  4- 6 |  7- 9 || total
-------------------------+-------+-------+-------++-------
Melee: Short sword       |   101 |    50 |       ||   151
       Unarmed           |     2 |       |       ||     2
       Whip              |    13 |     5 |       ||    18
       Spear             |       |    44 |    19 ||    63
 Cast: Summon Small Mamm |    11 |     1 |       ||    12
       Call Imp          |    13 |     3 |       ||    16
       Call Canine Famil |     8 |    19 |     1 ||    28
       Summon Lightning  |       |     4 |     2 ||     6
  Use: Potion            |       |       |     1 ||     1
Armor: Robe              |    43 |    39 |     5 ||    87
Dodge: Dodged            |    60 |    48 |    19 ||   127
Block: Other             |    34 |    31 |    14 ||    79
       Reflection        |       |     1 |       ||     1

Table legend: (Time is in decaauts)
 A = Elapsed time spent in this place.
 B = Non-inter-level travel time spent in this place.
 C = Inter-level travel time spent in this place.
 D = Time resting spent in this place.
 E = Time spent auto-exploring this place.
 F = Levels seen in this place.
 G = Mean time per level.
                   A        B        C        D        E       F      G
               +--------+--------+--------+--------+--------+-----+--------+
         Total |   7559 |   7480 |     79 |   3274 |   3336 |   5 | 1511.8 |
       Dungeon |   7559 |   7480 |     79 |   3274 |   3336 |   5 | 1511.8 |
               +--------+--------+--------+--------+--------+-----+--------+

Top non-repeatable levels by time:
     D:3: 3005 daAuts
     D:2: 1791 daAuts
     D:1: 1522 daAuts
     D:4: 1152 daAuts
     D:5: 87 daAuts
